 Dungeon Crawl Stone Soup version 0.29-a0-90-gc37658a0fe (webtiles) character file.

Game seed: 2854046541881922317

2 cyrus the Sneak (level 1, -4/14 HPs)
             Began as an Octopode Brigand on Feb 7, 2022.
             Frozen to death by an endoplasm (5 damage)
             ... on level 1 of the Dungeon.
             The game lasted 00:01:06 (52 turns).

cyrus the Sneak (Octopode Brigand)                    Turns: 52, Time: 00:01:07

Health: -4/14      AC:  1    Str: 10    XL:     1   Next: 30%
Magic:  1/1        EV:  9    Int: 13    God:
Gold:   0          SH:  0    Dex: 13    Spells: 0/0 levels left

rFire   . . .      SeeInvis .   a - +2 dagger
rCold   . . .      Faith    .   (no shield)
rNeg    . . .      Spirit   .   (helmet restricted)
rPois   .          Reflect  .   (no amulet)
rElec   .          Harm     .   (no ring)
rCorr   .          Rampage  .   (no ring)
Will    .....                   (no ring)
Stlth   ++++......              (no ring)
HPRegen 0.04/turn               (no ring)
MPRegen 0.07/turn               (no ring)
                                (no ring)
                                (no ring)

@: constricted
A: almost no armour, amphibious, 8 rings, camouflage 1, gelatinous body 1,
(nimble swimmer 1), tentacles
a: no special abilities


You were on level 1 of the Dungeon.
You visited 1 branch of the dungeon, and saw 1 of its levels.

Inventory:

Hand Weapons
 a - a +2 dagger (weapon)
Missiles
 b - 3 poisoned darts (quivered)
 c - 2 curare-tipped darts
Potions
 d - a potion of curing {unknown}


   Skills:
 + Level 2.0 Fighting
 + Level 2.0 Short Blades
 + Level 2.0 Throwing
 + Level 1.0 Dodging
 + Level 5.4 Stealth


You couldn't memorise any spells.
You didn't know any spells.
Your spell library was empty.

Dungeon Overview and Level Annotations

Branches:
Dungeon (1/15)

Altars:


Innate Abilities, Weirdness & Mutations

You cannot wear most types of armour.
You are amphibious.
You can wear up to eight rings at the same time.
Your skin changes colour to match your surroundings (Stealth+).
Your rubbery body absorbs attacks. (AC +1, EV +1)
((You are camouflaged when in or above water. (Stealth+)))
You have tentacles for arms and can constrict up to eight enemies at once.


Message History

Found a cloak.
The kobold throws a stone.
The stone hits you but does no damage.
You see here a scroll labelled ILOKAL SILEH.
The kobold looks more healthy.
You don't know any spells.
Throw: 4 darts (poison)
Press: ? - help, Q - select action, (/) - cycle Shift-Dir - straight line, f - endoplasm, p - kobold
Aim: an endoplasm (86% to hit)
You throw a poisoned dart. The poisoned dart hits the endoplasm.
The ball python hisses angrily.
The kobold throws a stone.
The stone hits you.
The kobold throws a stone.
The stone closely misses you. The endoplasm barely misses you.
The kobold misses you. x2; The endoplasm closely misses you.
You barely miss the kobold. You grab the kobold.
The kobold is severely wounded.
You constrict the kobold.
You kill the kobold!
The kobold looks more healthy.
The kobold hits you with a +0 short sword.
The ball python barely misses you. The ball python grabs you.
The ball python constricts you.
A goblin comes into view. It is wielding a +0 dagger.
The endoplasm freezes you.
You are frozen.
The goblin shouts!
You hit the endoplasm.
The endoplasm is lightly wounded.
The ball python bites you. x2; The ball python constricts you.
The kobold hits you with a +0 short sword.
* * * LOW HITPOINT WARNING * * *
The ball python closely misses you.
Welcome back, cyrus the Octopode Brigand.
Press ? for a list of commands and other information.
You barely miss the ball python. You grab the ball python.
You squeeze the ball python.
You kill the ball python!
The endoplasm freezes you.
You are frozen.
You die...

#......... ....[....
......... #####
......... ....#
##.......# #...####
#......... #......##
##......... ≈...##..#
#..........
≈...###.######?J@.......
≈.### #........S(K......
#.# ###....#.(........
#.# #†.............. #..
#r........#.........
##.##.....$...#.........
.##.........#.g.>.....
.###......###....((...
#.####.# .......


You could see an endoplasm, a goblin, a ball python and a kobold.

Vanquished Creatures
  A kobold (D:1)
  A ball python (D:1)
  A rat (D:1)
3 creatures vanquished.

Notes
Turn   | Place    | Note
-------+----------+-------------------------------------------
     0 | D:1      | cyrus the Octopode Brigand began the quest for the Orb.
     0 | D:1      | Reached XP level 1. HP: 14/14 MP: 1/1
    52 | D:1      | Frozen to death by an endoplasm

Illustrated notes

Levels and vault maps discovered:
D:1:      sevenhm_arrival_forest_fort_small_1, layout_rooms,
          shapermc_ecumenical_altar_mp_highgroup, serial_shops, shop_fountains

Action                   || total
-------------------------++-------
Melee: Dagger            ||     3
       Constrict         ||     2
       Tentacles         ||     1
Throw: Dart              ||     5
Armor: Skin              ||     1
Dodge: Dodged            ||     8

Table legend: (Time is in decaauts)
 A = Elapsed time spent in this place.
 B = Non-inter-level travel time spent in this place.
 C = Inter-level travel time spent in this place.
 D = Time resting spent in this place.
 E = Time spent auto-exploring this place.
 F = Levels seen in this place.
 G = Mean time per level.
                   A        B        C        D        E       F      G
               +--------+--------+--------+--------+--------+-----+--------+
         Total |     51 |     51 |      0 |      0 |     12 |   1 |   51.0 |
       Dungeon |     51 |     51 |      0 |      0 |     12 |   1 |   51.0 |
               +--------+--------+--------+--------+--------+-----+--------+

Top non-repeatable levels by time:
     D:1: 51 daAuts
